Sharks vs Kings

Created - 30 avril 2016 at 20:52

Goals
1 2 3 T
Sharks 0 1 2 3
Kings 0 2 2 4
Shots
1 2 3 T
Sharks 1 6 9 16
Kings 9 20 14 43

1st period

No Goal

Penalties :
Steve McCarthy (SJS) for Roughing (Minor) at 1:00, Jordan Nolan (LAK) for Hooking (Minor) at 4:31, Jason Allison (SJS) for Holding (Minor) at 8:36

2nd period

1. Kings , Anze Kopitar 42 (Max Pacioretty, Drew Doughty) at 6:22
2. Kings , Matt Duchene 31 (Johnny Oduya, Anze Kopitar) at 9:28 (PP)
3. Sharks , Alexander Radulov 16 (T.J. Hensick) at 15:15

Penalties :
Jason Allison (SJS) for Diving (Minor) at 0:22, Jordan Leopold (LAK) for Hooking (Minor) at 3:26, Michal Rozsival (SJS) for Hooking (Minor) at 9:12, Max Pacioretty (LAK) for Cross-checking (Minor) at 15:24

3rd period

4. Sharks , Alexander Radulov 17 (Kim Johnsson) at 6:54 (PP)
5. Kings , Daniel Briere 26 (Anze Kopitar, Max Pacioretty) at 14:25
6. Sharks , Oskar Osala 1 (Derek Boogaard, Robyn Regehr) at 19:31
7. Kings , Vladimir Tarasenko 21 (Drew Doughty, Andrew Cogliano) at 19:37

Penalties :
Brad Ference (LAK) for Holding (Minor) at 6:52, Jason Allison (SJS) for Hooking (Minor) at 7:36

Goalie Stats

Mike Brodeur (SJS), 39 saves from 43 shots - (0,907), L, 21-22-10, 59:15 minutes
Robin Lehner (LAK), 13 saves from 16 shots - (0,813), W, 20-16-8, 60:00 minutes

Players Stats for Sharks

Player Name              G  A  P  +/- PIM S  H  SB GA TA FO     MP     PP MP  PK MP  
------------------------------------------------------------------------------------
Alexander Radulov        2  0  2   1  0   3  1  0  0  0  2/7    19:42   2:41   4:23 
Cal Clutterbuck          0  0  0   0  0   2  1  0  0  0  0/0    11:46   0:00   1:19 
Daniel Alfredsson        0  0  0   0  0   0  0  0  0  0  0/0     9:31   0:00   2:24 
Derek Boogaard           0  1  1   0  0   3  2  3  0  0  0/0    21:53   3:16   3:22 
Jason Allison            0  0  0  -3  6   0  0  0  0  0  1/2    23:48   2:00   0:00 
Jay Bouwmeester          0  0  0  -2  0   0  2  4  0  2  0/0    27:50   3:25   5:11 
Kevin Shattenkirk        0  0  0   0  0   2  0  1  0  2  1/6    21:53   3:06   0:40 
Kim Johnsson             0  1  1   0  0   1  1  2  0  1  2/2    21:37   2:41   0:00 
Markus Naslund           0  0  0   0  0   0  0  1  0  0  1/1    16:24   3:47   0:27 
Martin Erat              0  0  0  -2  0   0  0  0  0  0  1/1    14:29   0:00   4:23 
Michal Rozsival          0  0  0  -1  2   1  0  1  0  0  5/23   21:25   2:34   3:01 
Oskar Osala              1  0  1   1  0   2  1  0  0  0  0/1     9:30   0:00   0:00 
Robyn Regehr             0  1  1   1  0   0  0  1  0  1  3/5    20:11   3:16   0:00 
Saku Koivu               0  0  0   0  0   0  0  0  0  0  0/0     1:03   0:00   0:06 
Steve McCarthy           0  0  0   0  2   0  3  2  1  2  0/0    21:39   2:34   2:21 
T.J. Hensick             0  1  1   1  0   2  1  0  0  0  4/8    14:19   0:33   0:00 
Troy Brouwer             0  0  0  -1  0   0  1  0  1  3  1/1    14:43   0:02   5:11 
Tuomo Ruutu              0  0  0   0  0   0  0  0  0  0  0/0     0:00   0:00   0:00 

Players Stats for Kings

Player Name              G  A  P  +/- PIM S  H  SB GA TA FO     MP     PP MP  PK MP  
------------------------------------------------------------------------------------
Andrej Sekera            0  0  0   0  0   1  1  0  1  0  0/0    16:27   0:35   3:44 
Andrew Cogliano          0  1  1   1  0   3  1  0  1  0  0/1    16:35   3:51   0:57 
Anze Kopitar             1  2  3   1  0   10 5  0  1  0  18/24  19:41   4:21   0:17 
Brad Ference             0  0  0  -1  2   1  2  2  0  0  0/0    18:48   0:00   0:37 
Daniel Briere            1  0  1   2  0   7  5  0  3  0  0/0    15:42   0:00   1:54 
Drew Doughty             0  2  2   2  0   3  0  1  1  0  0/0    21:23   5:16   0:06 
Greg Campbell            0  0  0  -1  0   0  3  0  0  0  2/6    11:24   0:17   3:11 
Johnny Oduya             0  1  1  -1  0   2  4  1  0  0  0/0    25:55   4:46   2:15 
Jonas Hoglund            0  0  0  -1  0   5  0  0  2  1  0/1    14:13   0:00   1:54 
Jordan Leopold           0  0  0   2  2   1  0  0  0  0  0/0    20:42   3:26   1:32 
Jordan Nolan             0  0  0   0  2   2  2  0  1  0  5/7    15:30   3:51   0:37 
Martin Samuelsson        0  0  0  -2  0   0  1  0  0  0  0/0    11:56   0:00   3:08 
Matt Duchene             1  0  1   1  0   4  2  0  1  0  8/13   16:16   4:21   0:00 
Max Pacioretty           0  2  2   2  2   0  1  0  0  0  1/2    17:47   3:51   0:00 
Rob Scuderi              0  0  0   0  0   0  2  0  0  0  0/0    17:03   2:21   3:44 
Scottie Upshall          0  0  0   0  0   0  1  0  0  1  0/0    11:17   0:00   0:00 
Shane Doan               0  0  0  -1  0   1  2  0  0  0  1/2     7:43   0:00   0:00 
Vladimir Tarasenko       1  0  1   1  0   3  2  0  0  0  1/1    15:35   4:04   0:00 

3 Stars

1 - Anze Kopitar (LAK)
2 - Alexander Radulov (SJS)
3 - Daniel Briere (LAK)

Power Play

Sharks - 1 on 4 Attempt(s) - 25,00%
Kings - 1 on 5 Attempt(s) - 20,00%

Penalty Kill

Sharks - 4 on 5 Attempt(s) - 80,00% - Score 0 goal in Penalty Kill
Kings - 3 on 4 Attempt(s) - 75,00% - Score 0 goal in Penalty Kill

Team Stat

Sharks - Hits : 13 - Faceoff Wins : 21 - Blocked Shots : 15 - Penalty Minutes : 10
Kings - Hits : 34 - Faceoff Wins : 36 - Blocked Shots : 4 - Penalty Minutes : 8

Official

Referees : Furlatt Eric and Watson Brad
Linesman : Brad Kovachik and Lyle Seitz

Game Notes

14:25 of 3rd period - Kings goal is going for a video replay. After video review, Goal.

Finance

Level 1 -- Attendance: 6000 (100,00%) -- Ticket Income 390 000 $
Level 2 -- Attendance: 4785 (95,70%) -- Ticket Income 191 400 $
Level 3 -- Attendance: 1949 (97,45%) -- Ticket Income 38 980 $
Level 4 -- Attendance: 4000 (100,00%) -- Ticket Income 60 000 $
Luxury Box -- Attendance: 1000 (100,00%) -- Ticket Income 125 000 $
Game was played at the Staples Center.
Total Attendance: 17734 (98,52%)
Total Ticket Income: 805 380 $
Other Income: 120 807 $
Total Income: 926 187 $

Sharks

5 vs 5 Forward 
   Center                   Left Wing                Right Wing               Time % Phy DF OF 
 1 Michal Rozsival          Derek Boogaard           Kim Johnsson             40     0   0  0  
 2 Kevin Shattenkirk        Markus Naslund           Alexander Radulov        30     0   0  0  
 3 Jason Allison            Oskar Osala              Cal Clutterbuck          20     0   0  0  
 4 T.J. Hensick             Troy Brouwer             Martin Erat              10     0   0  0  

5 vs 5 Defense 
   Defense                  Defense                                           Time % Phy DF OF 
 1 Jason Allison            Jay Bouwmeester                                   40     0   0  0  
 2 Robyn Regehr             Steve McCarthy                                    30     0   0  0  
 3 Kim Johnsson             Kevin Shattenkirk                                 20     0   0  0  
 4 Daniel Alfredsson        Jay Bouwmeester                                   10     0   0  0  

PowerPlay Forward 
   Center                   Left Wing                Right Wing               Time % Phy DF OF 
 1 Robyn Regehr             Derek Boogaard           Kevin Shattenkirk        60     0   0  0  
 2 Kim Johnsson             Markus Naslund           Alexander Radulov        40     0   0  0  

PowerPlay Defense
   Defense                  Defense                                           Time % Phy DF OF 
 1 Markus Naslund           Jay Bouwmeester                                   60     0   0  0  
 2 Michal Rozsival          Steve McCarthy                                    40     0   0  0  

Penalty Kill 4 Players Forward 
   Center                   Wing                     Time % Phy DF OF 
 1 Alexander Radulov        Martin Erat              60     0   0  0  
 2 Daniel Alfredsson        Derek Boogaard           40     0   0  0  

Penalty Kill 4 Players Defense
   Defense                  Defense                  Time % Phy DF OF 
 1 Troy Brouwer             Jay Bouwmeester          60     0   0  0  
 2 Michal Rozsival          Steve McCarthy           40     0   0  0  

Penalty Kill - 3 Players Forward 
   Forward                                           Time % Phy DF OF 
 1 Troy Brouwer                                      60     0   0  0  
 2 Daniel Alfredsson                                 40     0   0  0  

Penalty Kill - 3 Players Defense
   Defense                  Defense                  Time % Phy DF OF 
 1 Kim Johnsson             Jay Bouwmeester          60     0   0  0  
 2 Michal Rozsival          Steve McCarthy           40     0   0  0  

4 vs 4 Forward 
   Center                   Wing                     Time % Phy DF OF 
 1 Robyn Regehr             Saku Koivu               60     0   0  0  
 2 Martin Erat              Derek Boogaard           40     0   0  0  

4 vs 4 Defense
   Defense                  Defense                  Time % Phy DF OF 
 1 Cal Clutterbuck          Daniel Alfredsson        60     0   0  0  
 2 Michal Rozsival          Steve McCarthy           40     0   0  0  

Last Minutes Offensive
   Center                   Left Wing                Right Wing               Defense                  Defense                  
   Robyn Regehr             Derek Boogaard           Oskar Osala              T.J. Hensick             Jay Bouwmeester          

Last Minutes Defensive
   Center                   Left Wing                Right Wing               Defense                  Defense                  
   Alexander Radulov        Derek Boogaard           Kim Johnsson             Troy Brouwer             Jay Bouwmeester          

Goaltenders
Starting : Mike Brodeur             
Backup : Dan Ellis                

Extra Forwards
Normal : Jason Allison, T.J. Hensick, Cal Clutterbuck - PP : Jason Allison, T.J. Hensick - PK : Cal Clutterbuck
Extra Defensemen
Normal : Kim Johnsson, Kevin Shattenkirk, Michal Rozsival - PP : Kim Johnsson - PK : Kevin Shattenkirk, Michal Rozsival
Penalty Shots
Robyn Regehr, Steve McCarthy, Michal Rozsival, Derek Boogaard, Jason Allison

Kings

5 vs 5 Forward 
   Center                   Left Wing                Right Wing               Time % Phy DF OF 
 1 Anze Kopitar             Max Pacioretty           Daniel Briere            35     1   1  3  
 2 Matt Duchene             Andrew Cogliano          Vladimir Tarasenko       30     0   3  2  
 3 Jordan Nolan             Scottie Upshall          Jonas Hoglund            25     2   1  2  
 4 Greg Campbell            Martin Samuelsson        Shane Doan               10     1   3  1  

5 vs 5 Defense 
   Defense                  Defense                                           Time % Phy DF OF 
 1 Drew Doughty             Jordan Leopold                                    40     1   3  1  
 2 Johnny Oduya             Brad Ference                                      40     1   3  1  
 3 Andrej Sekera            Rob Scuderi                                       20     1   3  1  
 4 Drew Doughty             Jordan Leopold                                    0      1   4  0  

PowerPlay Forward 
   Center                   Left Wing                Right Wing               Time % Phy DF OF 
 1 Matt Duchene             Anze Kopitar             Vladimir Tarasenko       60     0   1  4  
 2 Jordan Nolan             Andrew Cogliano          Max Pacioretty           40     0   1  4  

PowerPlay Defense
   Defense                  Defense                                           Time % Phy DF OF 
 1 Drew Doughty             Johnny Oduya                                      60     0   3  2  
 2 Drew Doughty             Jordan Leopold                                    40     0   3  2  

Penalty Kill 4 Players Forward 
   Center                   Wing                     Time % Phy DF OF 
 1 Greg Campbell            Martin Samuelsson        60     0   4  1  
 2 Daniel Briere            Jonas Hoglund            40     0   4  1  

Penalty Kill 4 Players Defense
   Defense                  Defense                  Time % Phy DF OF 
 1 Andrej Sekera            Rob Scuderi              60     1   4  0  
 2 Jordan Leopold           Johnny Oduya             40     1   4  0  

Penalty Kill - 3 Players Forward 
   Forward                                           Time % Phy DF OF 
 1 Greg Campbell                                     60     0   4  1  
 2 Anze Kopitar                                      40     0   4  1  

Penalty Kill - 3 Players Defense
   Defense                  Defense                  Time % Phy DF OF 
 1 Andrej Sekera            Rob Scuderi              60     1   4  0  
 2 Johnny Oduya             Jordan Leopold           40     1   4  0  

4 vs 4 Forward 
   Center                   Wing                     Time % Phy DF OF 
 1 Anze Kopitar             Vladimir Tarasenko       60     1   2  2  
 2 Matt Duchene             Daniel Briere            40     1   2  2  

4 vs 4 Defense
   Defense                  Defense                  Time % Phy DF OF 
 1 Drew Doughty             Jordan Leopold           60     1   2  2  
 2 Johnny Oduya             Rob Scuderi              40     1   2  2  

Last Minutes Offensive
   Center                   Left Wing                Right Wing               Defense                  Defense                  
   Matt Duchene             Anze Kopitar             Daniel Briere            Drew Doughty             Johnny Oduya             

Last Minutes Defensive
   Center                   Left Wing                Right Wing               Defense                  Defense                  
   Anze Kopitar             Martin Samuelsson        Jonas Hoglund            Rob Scuderi              Johnny Oduya             

Goaltenders
Starting : Robin Lehner             
Backup : Jean-Sébastien Giguère   

Extra Forwards
Normal : Anze Kopitar, Matt Duchene, Jordan Nolan - PP : Greg Campbell, Daniel Briere - PK : Jordan Nolan
Extra Defensemen
Normal : Drew Doughty, Johnny Oduya, Jordan Leopold - PP : Rob Scuderi - PK : Brad Ference, Drew Doughty
Penalty Shots
Anze Kopitar, Daniel Briere, Jonas Hoglund, Andrew Cogliano, Greg Campbell

% Time on Ice - Sharks

Lines # - Real PCT - Wanted PCT - Time Play
Normal Forward
1 - 34% - 40% - 15:17
2 - 27% - 30% - 12:01
3 - 19% - 20% - 8:21
4 - 20% - 10% - 9:01
Normal Defense
1 - 30% - 40% - 13:37
2 - 38% - 30% - 17:04
3 - 18% - 20% - 7:53
4 - 14% - 10% - 6:06
PP Forward
1 - 55% - 60% - 3:18
2 - 45% - 40% - 2:41
PP Defense
1 - 57% - 60% - 3:25
2 - 43% - 40% - 2:34
PK Forward
1 - 71% - 60% - 5:48
2 - 29% - 40% - 2:24
PK Defense
1 - 63% - 60% - 5:11
2 - 37% - 40% - 3:01
PK3 Forward
1 - 0% - 60%
2 - 0% - 40%
PK3 Defense
1 - 0% - 60%
2 - 0% - 40%
44 Forward
1 - 0% - 60%
2 - 0% - 40%
44 Defense
1 - 0% - 60%
2 - 0% - 40%
Last Minute Offensive  - 1:09
Last Minute Defensive  - 0:00
Total
Forward - 60:00
Defense - 60:00

% Time on Ice - Kings

Lines # - Real PCT - Wanted PCT - Time Play
Normal Forward
1 - 31% - 35% - 14:06
2 - 26% - 30% - 11:52
3 - 25% - 25% - 11:17
4 - 17% - 10% - 7:43
Normal Defense
1 - 38% - 40% - 17:11
2 - 40% - 40% - 17:53
3 - 22% - 20% - 9:54
4 - 0% - 0% - 0:00
PP Forward
1 - 53% - 60% - 4:21
2 - 47% - 40% - 3:51
PP Defense
1 - 58% - 60% - 4:46
2 - 42% - 40% - 3:26
PK Forward
1 - 68% - 60% - 4:05
2 - 32% - 40% - 1:54
PK Defense
1 - 62% - 60% - 3:44
2 - 38% - 40% - 2:15
PK3 Forward
1 - 0% - 60%
2 - 0% - 40%
PK3 Defense
1 - 0% - 60%
2 - 0% - 40%
44 Forward
1 - 0% - 60%
2 - 0% - 40%
44 Defense
1 - 0% - 60%
2 - 0% - 40%
Last Minute Offensive  - 0:00
Last Minute Defensive  - 0:51
Total
Forward - 60:00
Defense - 60:00

Play by Play

1st period


0:01 of 1st period - Anze Kopitar wins face-off versus Michal Rozsival in neutral zone.
0:38 of 1st period - Slapshot by Matt Duchene.
0:38 of 1st period - Stopped by Mike Brodeur without a rebound.
0:39 of 1st period - Jordan Nolan wins face-off versus T.J. Hensick in Sharks zone.
1:00 of 1st period - Minor Penalty to Steve McCarthy for Roughing.
1:01 of 1st period - Matt Duchene wins face-off versus Alexander Radulov in Sharks zone.
1:40 of 1st period - Icing by Andrew Cogliano.
1:41 of 1st period - Jordan Nolan wins face-off versus Alexander Radulov in Kings zone.
2:12 of 1st period - Slapshot by Andrew Cogliano.
2:12 of 1st period - Stopped by Mike Brodeur without a rebound.
2:13 of 1st period - Alexander Radulov wins face-off versus Matt Duchene in Sharks zone.
2:13 of 1st period - Alexander Radulov is hit by Vladimir Tarasenko.
2:25 of 1st period - Jay Bouwmeester is hit by Anze Kopitar and loses puck.
3:00 of 1st period - Penalty to Steve McCarthy is over, Steve McCarthy is back on ice.
3:04 of 1st period - Martin Erat is hit by Johnny Oduya.
3:20 of 1st period - Kevin Shattenkirk is hit by Greg Campbell and loses puck.
3:50 of 1st period - Off-side.
3:51 of 1st period - Matt Duchene wins face-off versus T.J. Hensick in neutral zone.
4:00 of 1st period - Snap shot by Vladimir Tarasenko.
4:00 of 1st period - Shot Misses the Net.
4:02 of 1st period - Snap shot by Johnny Oduya.
4:02 of 1st period - Shot Misses the Net.
4:16 of 1st period - Jay Bouwmeester is hit by Johnny Oduya and loses puck.
4:31 of 1st period - Minor Penalty to Jordan Nolan for Hooking.
4:32 of 1st period - Greg Campbell wins face-off versus Robyn Regehr in Kings zone.
4:41 of 1st period - Rob Scuderi is hit by Derek Boogaard and loses puck.
5:37 of 1st period - Jordan Leopold is hit by Kim Johnsson and loses puck.
6:31 of 1st period - Penalty to Jordan Nolan is over, Jordan Nolan is back on ice.
7:18 of 1st period - Slapshot by Jonas Hoglund.
7:18 of 1st period - Stopped by Mike Brodeur without a rebound.
7:19 of 1st period - Martin Erat wins face-off versus Matt Duchene in Sharks zone.
7:24 of 1st period - Rob Scuderi is hit by T.J. Hensick and loses puck.
7:45 of 1st period - Steve McCarthy is hit by Rob Scuderi and loses puck.
8:03 of 1st period - Icing by Kevin Shattenkirk.
8:04 of 1st period - Anze Kopitar wins face-off versus Kevin Shattenkirk in Sharks zone.
8:09 of 1st period - Backhand shot by Daniel Briere.
8:09 of 1st period - Shot Misses the Net.
8:11 of 1st period - Slapshot by Johnny Oduya.
8:11 of 1st period - Deflect By Max Pacioretty.
8:11 of 1st period - Shot Blocked by Steve McCarthy.
8:11 of 1st period - Puck is out of play.
8:12 of 1st period - Anze Kopitar wins face-off versus Michal Rozsival in Sharks zone.
8:13 of 1st period - Snap shot by Daniel Briere.
8:13 of 1st period - Stopped by Mike Brodeur without a rebound.
8:14 of 1st period - Michal Rozsival wins face-off versus Anze Kopitar in Sharks zone.
8:14 of 1st period - Michal Rozsival is hit by Max Pacioretty.
8:17 of 1st period - Icing by Jay Bouwmeester.
8:18 of 1st period - Anze Kopitar wins face-off versus Michal Rozsival in Sharks zone.
8:19 of 1st period - Snap shot by Daniel Briere.
8:19 of 1st period - Shot Blocked by Michal Rozsival.
8:21 of 1st period - Slapshot by Johnny Oduya.
8:21 of 1st period - Stopped by Mike Brodeur with a rebound.
8:23 of 1st period - Slapshot by Anze Kopitar.
8:23 of 1st period - Stopped by Mike Brodeur without a rebound.
8:24 of 1st period - Anze Kopitar wins face-off versus Michal Rozsival in Sharks zone.
8:25 of 1st period - Snap shot by Daniel Briere.
8:25 of 1st period - Stopped by Mike Brodeur without a rebound.
8:26 of 1st period - Anze Kopitar wins face-off versus Michal Rozsival in Sharks zone.
8:36 of 1st period - Minor Penalty to Jason Allison for Holding.
8:37 of 1st period - Vladimir Tarasenko wins face-off versus Alexander Radulov in Sharks zone.
10:36 of 1st period - Penalty to Jason Allison is over, Jason Allison is back on ice.
10:45 of 1st period - Snap shot by Daniel Alfredsson.
10:45 of 1st period - Shot Misses the Net.
12:31 of 1st period - Kevin Shattenkirk is hit by Shane Doan.
12:47 of 1st period - Michal Rozsival is hit by Rob Scuderi and loses puck.
13:04 of 1st period - Jay Bouwmeester is hit by Brad Ference and loses puck.
13:47 of 1st period - Michal Rozsival is hit by Jordan Nolan and loses puck.
14:04 of 1st period - Kevin Shattenkirk is hit by Daniel Briere and loses puck.
14:17 of 1st period - Oskar Osala is hit by Brad Ference and loses puck.
14:32 of 1st period - Greg Campbell is hit by Oskar Osala and loses puck.
14:45 of 1st period - Steve McCarthy is hit by Daniel Briere and loses puck.
15:28 of 1st period - Vladimir Tarasenko is hit by Steve McCarthy and loses puck.
15:41 of 1st period - Jay Bouwmeester is hit by Greg Campbell and loses puck.
17:00 of 1st period - Kevin Shattenkirk is hit by Jordan Nolan and loses puck.
17:15 of 1st period - Jay Bouwmeester is hit by Anze Kopitar and loses puck.
17:21 of 1st period - Icing by Jay Bouwmeester.
17:22 of 1st period - T.J. Hensick wins face-off versus Matt Duchene in Sharks zone.
17:35 of 1st period - Michal Rozsival is hit by Anze Kopitar and loses puck.
17:48 of 1st period - Anze Kopitar is hit by Steve McCarthy and loses puck.
18:10 of 1st period - Snap shot by Jonas Hoglund.
18:10 of 1st period - Stopped by Mike Brodeur with a rebound.
18:29 of 1st period - Slapshot by Matt Duchene.
18:29 of 1st period - Stopped by Mike Brodeur without a rebound.
18:30 of 1st period - Troy Brouwer wins face-off versus Matt Duchene in Sharks zone.
18:30 of 1st period - Troy Brouwer is hit by Matt Duchene.
18:40 of 1st period - Snap shot by T.J. Hensick.
18:40 of 1st period - Stopped by Robin Lehner without a rebound.
18:41 of 1st period - Anze Kopitar wins face-off versus Michal Rozsival in Kings zone.
19:31 of 1st period - Wrist shot by Martin Samuelsson.
19:31 of 1st period - Shot Blocked by Steve McCarthy.
Goals for this period are 0 for Sharks vs 0 for Kings.
Shots for this period are 1 for Sharks vs 9 for Kings.

2nd period


0:01 of 2nd period - Anze Kopitar wins face-off versus Michal Rozsival in neutral zone.
0:04 of 2nd period - Michal Rozsival is hit by Daniel Briere.
0:14 of 2nd period - Snap shot by Daniel Briere.
0:14 of 2nd period - Shot Blocked by Jay Bouwmeester.
0:16 of 2nd period - Slapshot by Drew Doughty.
0:16 of 2nd period - Shot Blocked by Derek Boogaard.
0:22 of 2nd period - Minor Penalty to Jason Allison for Diving.
0:23 of 2nd period - Alexander Radulov wins face-off versus Anze Kopitar in Sharks zone.
0:56 of 2nd period - Slapshot by Drew Doughty.
0:56 of 2nd period - Shot Misses the Net.
0:58 of 2nd period - Wrist shot by Jordan Nolan.
0:58 of 2nd period - Shot Misses the Net.
2:22 of 2nd period - Penalty to Jason Allison is over, Jason Allison is back on ice.
3:26 of 2nd period - Minor Penalty to Jordan Leopold for Hooking.
3:27 of 2nd period - Robyn Regehr wins face-off versus Greg Campbell in Kings zone.
3:29 of 2nd period - Snap shot by Kevin Shattenkirk.
3:29 of 2nd period - Stopped by Robin Lehner without a rebound.
3:30 of 2nd period - Robyn Regehr wins face-off versus Greg Campbell in Kings zone.
3:44 of 2nd period - Snap shot by Derek Boogaard.
3:44 of 2nd period - Stopped by Robin Lehner with a rebound.
4:40 of 2nd period - Slapshot by Brad Ference.
4:40 of 2nd period - Stopped by Mike Brodeur with a rebound.
5:10 of 2nd period - Robyn Regehr is hit by Andrej Sekera and loses puck.
5:26 of 2nd period - Penalty to Jordan Leopold is over, Jordan Leopold is back on ice.
5:39 of 2nd period - Snap shot by Jordan Leopold.
5:39 of 2nd period - Deflect By Martin Samuelsson.
5:39 of 2nd period - Shot Blocked by Jay Bouwmeester.
5:39 of 2nd period - Puck is out of play.
5:40 of 2nd period - Jason Allison wins face-off versus Matt Duchene in Sharks zone.
6:07 of 2nd period - Andrew Cogliano is hit by Steve McCarthy and loses puck.
6:16 of 2nd period - Slapshot by Drew Doughty.
6:16 of 2nd period - Stopped by Mike Brodeur without a rebound.
6:17 of 2nd period - Anze Kopitar wins face-off versus T.J. Hensick in Sharks zone.
6:18 of 2nd period - Snap shot by Daniel Briere.
6:18 of 2nd period - Stopped by Mike Brodeur with a rebound.
6:20 of 2nd period - Snap shot by Drew Doughty.
6:20 of 2nd period - Shot Blocked by Jay Bouwmeester.
6:22 of 2nd period - Snap shot by Max Pacioretty.
6:22 of 2nd period - Deflect By Anze Kopitar.
6:22 of 2nd period - Goal by Anze Kopitar - Sharks : 0 - Kings : 1.
6:23 of 2nd period - Anze Kopitar wins face-off versus Michal Rozsival in neutral zone.
6:38 of 2nd period - Snap shot by Anze Kopitar.
6:38 of 2nd period - Stopped by Mike Brodeur with a rebound.
6:40 of 2nd period - Snap shot by Johnny Oduya.
6:40 of 2nd period - Shot Misses the Net.
7:16 of 2nd period - Snap shot by Troy Brouwer.
7:16 of 2nd period - Shot Misses the Net.
8:27 of 2nd period - Snap shot by Shane Doan.
8:27 of 2nd period - Stopped by Mike Brodeur without a rebound.
8:28 of 2nd period - T.J. Hensick wins face-off versus Anze Kopitar in Sharks zone.
8:44 of 2nd period - Snap shot by Anze Kopitar.
8:44 of 2nd period - Stopped by Mike Brodeur with a rebound.
9:00 of 2nd period - Snap shot by Jordan Nolan.
9:00 of 2nd period - Shot Blocked by Kim Johnsson.
9:02 of 2nd period - Snap shot by Jonas Hoglund.
9:02 of 2nd period - Deflect By Jordan Nolan.
9:02 of 2nd period - Stopped by Mike Brodeur with a rebound.
9:04 of 2nd period - Snap shot by Jordan Nolan.
9:04 of 2nd period - Shot Misses the Net.
9:06 of 2nd period - Wrist shot by Jordan Nolan.
9:06 of 2nd period - Shot Blocked by Derek Boogaard.
9:12 of 2nd period - Minor Penalty to Michal Rozsival for Hooking.
9:13 of 2nd period - Matt Duchene wins face-off versus Alexander Radulov in Sharks zone.
9:20 of 2nd period - Backhand shot by Matt Duchene.
9:20 of 2nd period - Shot Misses the Net.
9:22 of 2nd period - Backhand shot by Johnny Oduya.
9:22 of 2nd period - Stopped by Mike Brodeur with a rebound.
9:24 of 2nd period - Snap shot by Matt Duchene.
9:24 of 2nd period - Shot Misses the Net.
9:26 of 2nd period - Slapshot by Johnny Oduya.
9:26 of 2nd period - Shot Blocked by Jay Bouwmeester.
9:28 of 2nd period - Snap shot by Matt Duchene.
9:28 of 2nd period - Goal by Matt Duchene - Sharks : 0 - Kings : 2.
9:29 of 2nd period - Anze Kopitar wins face-off versus Michal Rozsival in neutral zone.
9:34 of 2nd period - Snap shot by Anze Kopitar.
9:34 of 2nd period - Shot Misses the Net.
10:11 of 2nd period - Snap shot by Troy Brouwer.
10:11 of 2nd period - Shot Blocked by Brad Ference.
10:13 of 2nd period - Snap shot by Robyn Regehr.
10:13 of 2nd period - Shot Misses the Net.
10:21 of 2nd period - Snap shot by T.J. Hensick.
10:21 of 2nd period - Stopped by Robin Lehner with a rebound.
10:28 of 2nd period - Icing by Brad Ference.
10:29 of 2nd period - Shane Doan wins face-off versus Michal Rozsival in Kings zone.
10:42 of 2nd period - Wrist shot by Derek Boogaard.
10:42 of 2nd period - Stopped by Robin Lehner with a rebound.
10:54 of 2nd period - Snap shot by Daniel Briere.
10:54 of 2nd period - Shot Blocked by Robyn Regehr.
10:56 of 2nd period - Slapshot by Brad Ference.
10:56 of 2nd period - Deflect By Anze Kopitar.
10:56 of 2nd period - Stopped by Mike Brodeur without a rebound.
10:57 of 2nd period - Markus Naslund wins face-off versus Anze Kopitar in Sharks zone.
11:22 of 2nd period - Snap shot by Daniel Briere.
11:22 of 2nd period - Stopped by Mike Brodeur without a rebound.
11:23 of 2nd period - Matt Duchene wins face-off versus Michal Rozsival in Sharks zone.
11:28 of 2nd period - Snap shot by Andrew Cogliano.
11:28 of 2nd period - Stopped by Mike Brodeur without a rebound.
11:29 of 2nd period - Matt Duchene wins face-off versus Michal Rozsival in Sharks zone.
11:36 of 2nd period - Slapshot by Matt Duchene.
11:36 of 2nd period - Shot Misses the Net.
11:58 of 2nd period - Slapshot by Rob Scuderi.
11:58 of 2nd period - Deflect By Vladimir Tarasenko.
11:58 of 2nd period - Stopped by Mike Brodeur with a rebound.
12:00 of 2nd period - Snap shot by Matt Duchene.
12:00 of 2nd period - Stopped by Mike Brodeur with a rebound.
12:02 of 2nd period - Slapshot by Andrej Sekera.
12:02 of 2nd period - Stopped by Mike Brodeur without a rebound.
12:03 of 2nd period - Anze Kopitar wins face-off versus Michal Rozsival in Sharks zone.
12:18 of 2nd period - Snap shot by Anze Kopitar.
12:18 of 2nd period - Shot Misses the Net.
12:20 of 2nd period - Wrist shot by Anze Kopitar.
12:20 of 2nd period - Stopped by Mike Brodeur with a rebound.
12:37 of 2nd period - Snap shot by Greg Campbell.
12:37 of 2nd period - Deflect By Martin Samuelsson.
12:37 of 2nd period - Shot Blocked by Kim Johnsson.
12:37 of 2nd period - Puck is out of play.
12:38 of 2nd period - Matt Duchene wins face-off versus Kevin Shattenkirk in Sharks zone.
13:45 of 2nd period - Icing by Derek Boogaard.
13:46 of 2nd period - Michal Rozsival wins face-off versus Shane Doan in Sharks zone.
14:13 of 2nd period - Daniel Briere is hit by Jay Bouwmeester and loses puck.
14:30 of 2nd period - Wrist shot by Anze Kopitar.
14:30 of 2nd period - Shot Hit the Post.
14:32 of 2nd period - Snap shot by Vladimir Tarasenko.
14:32 of 2nd period - Stopped by Mike Brodeur with a rebound.
15:09 of 2nd period - Icing by Scottie Upshall.
15:10 of 2nd period - T.J. Hensick wins face-off versus Greg Campbell in Kings zone.
15:15 of 2nd period - Wrist shot by Alexander Radulov.
15:15 of 2nd period - Goal by Alexander Radulov - Sharks : 1 - Kings : 2.
15:16 of 2nd period - Michal Rozsival wins face-off versus Anze Kopitar in neutral zone.
15:16 of 2nd period - Michal Rozsival is hit by Anze Kopitar.
15:22 of 2nd period - Wrist shot by Michal Rozsival.
15:22 of 2nd period - Shot Misses the Net.
15:24 of 2nd period - Minor Penalty to Max Pacioretty for Cross-checking.
15:25 of 2nd period - Greg Campbell wins face-off versus Robyn Regehr in Kings zone.
15:50 of 2nd period - Martin Samuelsson is hit by Alexander Radulov and loses puck.
16:45 of 2nd period - Icing by Jay Bouwmeester.
16:46 of 2nd period - Kim Johnsson wins face-off versus Jordan Nolan in Sharks zone.
17:08 of 2nd period - Andrej Sekera is hit by Derek Boogaard and loses puck.
17:24 of 2nd period - Penalty to Max Pacioretty is over, Max Pacioretty is back on ice.
17:45 of 2nd period - Vladimir Tarasenko is hit by Cal Clutterbuck.
18:14 of 2nd period - Slapshot by Daniel Briere.
18:14 of 2nd period - Stopped by Mike Brodeur without a rebound.
18:15 of 2nd period - Anze Kopitar wins face-off versus Oskar Osala in Sharks zone.
18:16 of 2nd period - Snap shot by Daniel Briere.
18:16 of 2nd period - Stopped by Mike Brodeur without a rebound.
18:17 of 2nd period - Anze Kopitar wins face-off versus Jason Allison in Sharks zone.
18:47 of 2nd period - Wrist shot by T.J. Hensick.
18:47 of 2nd period - Shot Misses the Net.
18:49 of 2nd period - Slapshot by Kim Johnsson.
18:49 of 2nd period - Stopped by Robin Lehner with a rebound.
18:51 of 2nd period - Slapshot by Kevin Shattenkirk.
18:51 of 2nd period - Shot Blocked by Johnny Oduya.
18:53 of 2nd period - Wrist shot by T.J. Hensick.
18:53 of 2nd period - Shot Blocked by Brad Ference.
19:21 of 2nd period - Wrist shot by Shane Doan.
19:21 of 2nd period - Shot Misses the Net.
Goals for this period are 1 for Sharks vs 2 for Kings.
Shots for this period are 6 for Sharks vs 20 for Kings.

3rd period


0:01 of 3rd period - Anze Kopitar wins face-off versus Michal Rozsival in neutral zone.
0:06 of 3rd period - Slapshot by Johnny Oduya.
0:06 of 3rd period - Shot Blocked by Derek Boogaard.
0:08 of 3rd period - Slapshot by Max Pacioretty.
0:08 of 3rd period - Shot Hit the Post.
0:10 of 3rd period - Snap shot by Max Pacioretty.
0:10 of 3rd period - Deflect By Anze Kopitar.
0:10 of 3rd period - Stopped by Mike Brodeur without a rebound.
0:11 of 3rd period - Anze Kopitar wins face-off versus Michal Rozsival in Sharks zone.
0:46 of 3rd period - Wrist shot by Andrew Cogliano.
0:46 of 3rd period - Deflect By Vladimir Tarasenko.
0:46 of 3rd period - Shot Misses the Net.
0:46 of 3rd period - Puck is out of play.
0:47 of 3rd period - Michal Rozsival wins face-off versus Jordan Nolan in Sharks zone.
0:52 of 3rd period - Slapshot by Kevin Shattenkirk.
0:52 of 3rd period - Shot Misses the Net.
1:18 of 3rd period - Kim Johnsson is hit by Johnny Oduya and loses puck.
1:55 of 3rd period - Steve McCarthy is hit by Greg Campbell and loses puck.
2:11 of 3rd period - Off-side.
2:12 of 3rd period - Jordan Nolan wins face-off versus Michal Rozsival in neutral zone.
3:01 of 3rd period - Jay Bouwmeester is hit by Anze Kopitar.
3:25 of 3rd period - Snap shot by Jonas Hoglund.
3:25 of 3rd period - Stopped by Mike Brodeur with a rebound.
3:27 of 3rd period - Snap shot by Jonas Hoglund.
3:27 of 3rd period - Deflect By Jordan Nolan.
3:27 of 3rd period - Stopped by Mike Brodeur without a rebound.
3:28 of 3rd period - T.J. Hensick wins face-off versus Andrew Cogliano in Sharks zone.
3:28 of 3rd period - T.J. Hensick is hit by Matt Duchene.
3:38 of 3rd period - Snap shot by Andrew Cogliano.
3:38 of 3rd period - Shot Blocked by Kevin Shattenkirk.
3:40 of 3rd period - Slapshot by Jordan Leopold.
3:40 of 3rd period - Shot Blocked by Markus Naslund.
4:50 of 3rd period - Off-side.
4:51 of 3rd period - Anze Kopitar wins face-off versus T.J. Hensick in neutral zone.
5:00 of 3rd period - Slapshot by T.J. Hensick.
5:00 of 3rd period - Shot Blocked by Drew Doughty.
5:34 of 3rd period - Snap shot by Alexander Radulov.
5:34 of 3rd period - Stopped by Robin Lehner without a rebound.
5:35 of 3rd period - Jordan Nolan wins face-off versus Kevin Shattenkirk in Kings zone.
5:44 of 3rd period - Snap shot by Drew Doughty.
5:44 of 3rd period - Stopped by Mike Brodeur without a rebound.
5:45 of 3rd period - Kevin Shattenkirk wins face-off versus Anze Kopitar in Sharks zone.
6:22 of 3rd period - Kim Johnsson is hit by Andrew Cogliano and loses puck.
6:52 of 3rd period - Minor Penalty to Brad Ference for Holding.
6:53 of 3rd period - Kim Johnsson wins face-off versus Greg Campbell in Kings zone.
6:54 of 3rd period - Snap shot by Alexander Radulov.
6:54 of 3rd period - Goal by Alexander Radulov - Sharks : 2 - Kings : 2.
6:55 of 3rd period - Michal Rozsival wins face-off versus Max Pacioretty in neutral zone.
6:58 of 3rd period - Anze Kopitar is hit by Jay Bouwmeester and loses puck.
7:30 of 3rd period - Snap shot by Matt Duchene.
7:30 of 3rd period - Shot Misses the Net.
7:36 of 3rd period - Minor Penalty to Jason Allison for Hooking.
7:37 of 3rd period - Matt Duchene wins face-off versus Alexander Radulov in Sharks zone.
8:06 of 3rd period - Slapshot by Drew Doughty.
8:06 of 3rd period - Shot Misses the Net.
8:08 of 3rd period - Slapshot by Max Pacioretty.
8:08 of 3rd period - Shot Misses the Net.
9:36 of 3rd period - Penalty to Jason Allison is over, Jason Allison is back on ice.
9:43 of 3rd period - Jay Bouwmeester is hit by Martin Samuelsson and loses puck.
12:08 of 3rd period - Daniel Alfredsson is hit by Shane Doan and loses puck.
13:27 of 3rd period - Steve McCarthy is hit by Daniel Briere and loses puck.
14:09 of 3rd period - Alexander Radulov is hit by Scottie Upshall.
14:21 of 3rd period - Snap shot by Anze Kopitar.
14:21 of 3rd period - Stopped by Mike Brodeur without a rebound.
14:22 of 3rd period - Max Pacioretty wins face-off versus Kevin Shattenkirk in Sharks zone.
14:23 of 3rd period - Wrist shot by Anze Kopitar.
14:23 of 3rd period - Stopped by Mike Brodeur with a rebound.
14:25 of 3rd period - Wrist shot by Daniel Briere.
14:25 of 3rd period - Kings goal is going for a video replay.
14:25 of 3rd period - The goal is good.
14:25 of 3rd period - Goal by Daniel Briere - Sharks : 2 - Kings : 3.
14:26 of 3rd period - Anze Kopitar wins face-off versus Michal Rozsival in neutral zone.
14:31 of 3rd period - Slapshot by Jordan Leopold.
14:31 of 3rd period - Stopped by Mike Brodeur with a rebound.
14:33 of 3rd period - Wrist shot by Anze Kopitar.
14:33 of 3rd period - Stopped by Mike Brodeur with a rebound.
14:35 of 3rd period - Snap shot by Daniel Briere.
14:35 of 3rd period - Shot Misses the Net.
15:06 of 3rd period - Snap shot by Scottie Upshall.
15:06 of 3rd period - Shot Misses the Net.
15:16 of 3rd period - Slapshot by Michal Rozsival.
15:16 of 3rd period - Deflect By Johnny Oduya.
15:16 of 3rd period - Stopped by Robin Lehner with a rebound.
15:36 of 3rd period - Martin Samuelsson is hit by Troy Brouwer.
16:18 of 3rd period - Snap shot by Jonas Hoglund.
16:18 of 3rd period - Stopped by Mike Brodeur with a rebound.
16:20 of 3rd period - Snap shot by Jonas Hoglund.
16:20 of 3rd period - Stopped by Mike Brodeur without a rebound.
16:21 of 3rd period - Jordan Nolan wins face-off versus Kevin Shattenkirk in Sharks zone.
16:50 of 3rd period - Snap shot by Cal Clutterbuck.
16:50 of 3rd period - Stopped by Robin Lehner with a rebound.
16:52 of 3rd period - Slapshot by Kevin Shattenkirk.
16:52 of 3rd period - Stopped by Robin Lehner with a rebound.
16:54 of 3rd period - Snap shot by Michal Rozsival.
16:54 of 3rd period - Deflect By Derek Boogaard.
16:54 of 3rd period - Stopped by Robin Lehner with a rebound.
16:56 of 3rd period - Wrist shot by Cal Clutterbuck.
16:56 of 3rd period - Stopped by Robin Lehner with a rebound.
18:12 of 3rd period - Kim Johnsson is hit by Daniel Briere and loses puck.
18:33 of 3rd period - Kevin Shattenkirk is hit by Vladimir Tarasenko and loses puck.
18:40 of 3rd period - Snap shot by Andrew Cogliano.
18:40 of 3rd period - Stopped by Mike Brodeur with a rebound.
18:58 of 3rd period - Kevin Shattenkirk is hit by Johnny Oduya and loses puck.
19:05 of 3rd period - Sharks, Mike Brodeur is pulled from the net.
19:21 of 3rd period - Wrist shot by Oskar Osala.
19:21 of 3rd period - Shot Misses the Net.
19:23 of 3rd period - Snap shot by Oskar Osala.
19:23 of 3rd period - Stopped by Robin Lehner with a rebound.
19:29 of 3rd period - Snap shot by Oskar Osala.
19:29 of 3rd period - Shot Misses the Net.
19:31 of 3rd period - Snap shot by Oskar Osala.
19:31 of 3rd period - Goal by Oskar Osala - Sharks : 3 - Kings : 3.
19:31 of 3rd period - Mike Brodeur from Sharks was sent back in the game.
19:32 of 3rd period - Matt Duchene wins face-off versus Michal Rozsival in neutral zone.
19:35 of 3rd period - Slapshot by Drew Doughty.
19:35 of 3rd period - Stopped by Mike Brodeur with a rebound.
19:37 of 3rd period - Snap shot by Vladimir Tarasenko.
19:37 of 3rd period - Goal by Vladimir Tarasenko - Sharks : 3 - Kings : 4.
19:38 of 3rd period - Robyn Regehr wins face-off versus Jonas Hoglund in neutral zone.
19:41 of 3rd period - Sharks, Mike Brodeur is pulled from the net.
Goals for this period are 2 for Sharks vs 2 for Kings.
Shots for this period are 9 for Sharks vs 14 for Kings.